 Dungeon Crawl Stone Soup version 0.26-a0-800-g517d6fe721 (webtiles) character file.

Game seed: 10838200144644526177

409188 snetch the Slayer (level 22, -8/228 HPs)
             Began as a Minotaur Berserker on Nov 9, 2020.
             Was the Champion of Trog.
             Killed from afar by a titan (58 damage)
             ... with a bolt of lightning
             ... on level 5 of the Vaults on Nov 11, 2020.
             The game lasted 04:08:51 (40876 turns).

snetch the Slayer (Minotaur Berserker)             Turns: 40876, Time: 04:09:09

Health: -8/228     AC: 39    Str: 47    XL:     22   Next: 43%
Magic:  21/21      EV: 14    Int:  5    God:    Trog [******]
Gold:   3389       SH: 34    Dex:  6    Spells: 21/21 levels left

rFire    + . .     SeeInvis +   a - +2 broad axe "Tisuo" {flame, rF+ MR+ Str+4 Dex-4}
rCold    + . .     Faith    .   u - +0 tower shield
rNeg     + + .     Spirit   .   M - +7 gold dragon scales
rPois    +         Reflect  +   (helmet restricted)
rElec    .         Harm     .   Z - +4 cloak "Qule Sybifasm" {Regen+ SInv}
rCorr    .         Rampage  +   s - +0 pair of gloves {Str+3}
MR       ++++.                  t - +0 pair of boots {rampage}
Stlth    ..........             R - amulet of reflection
HPRegen  1.88/turn              c - ring of Autumn {rF- rN++ EV+4 Str+8}
MPRegen  0.17/turn              Q - ring of the Octopus King {Wiz AC+1 EV+1 Str+1 Int+1 Dex+1}

@: lethally poisoned (-8 -> -9), marked, regenerating
A: retaliatory headbutt, horns 2, clumsy 1
}: 2/15 runes: decaying, gossamer
a: Berserk, Trog's Hand, Brothers in Arms, Renounce Religion


You were on level 5 of the Vaults.
You worshipped Trog.
Trog was exalted by your worship.
You visited 7 branches of the dungeon, and saw 37 of its levels.
You visited the Abyss 2 times.
You visited 2 bazaars.
You also visited: Ice Cave and Desolation.

You collected 4816 gold pieces.
You spent 1427 gold pieces at shops.

Inventory:

Hand Weapons
 a - the +2 broad axe "Tisuo" (weapon) {flame, rF+ MR+ Str+4 Dex-4}
   (Trog gifted it to you on level 2 of the Orcish Mines)

   It has been specially enchanted to burn those struck by it, causing extra
   injury to most foes and up to half again as much damage against particularly
   susceptible opponents.
   Big, fiery blades are also staple armaments of hydra-hunters.
   It affects your strength (+4).
   It affects your dexterity (-4).
   It protects you from fire.
   It affects your resistance to hostile enchantments.
 b - the +3 broad axe "Anug" {vorpal, *Noise rElec Int+2}
   (Trog gifted it to you on level 11 of the Dungeon)

   It inflicts extra damage upon your enemies.
   It affects your intelligence (+2).
   It insulates you from electricity.
   It may make noises in combat.
 j - the +10 battleaxe of Oenomania {flame, rF++ rC- Dex+4 Stlth+}
   (You took it off an imperial myrmidon in the Desolation of Salt)

   It has been specially enchanted to burn those struck by it, causing extra
   injury to most foes and up to half again as much damage against particularly
   susceptible opponents.
   Big, fiery blades are also staple armaments of hydra-hunters.
   It affects your dexterity (+4).
   It greatly protects you from fire.
   It makes you vulnerable to cold.
   It makes you more stealthy.
Missiles
 h - 58 poisoned darts (quivered)
 r - 19 atropa-tipped darts
 A - 36 boomerangs
 H - 2 silver javelins
 V - 8 silver boomerangs
 W - 4 curare-tipped darts
Armour
 s - a +0 pair of gloves of strength (worn)
 t - a +0 pair of boots of rampaging (worn)
 u - a +0 tower shield (worn)
 M - +7 gold dragon scales (worn)
 Z - the +4 cloak "Qule Sybifasm" (worn) {Regen+ SInv}
   (You found it on level 5 of the Dungeon)

   It lets you see invisible.
   It increases your rate of regeneration.
Jewellery
 c - the ring of Autumn (left hand) {rF- rN++ EV+4 Str+8}
   (You found it in the Desolation of Salt)

   [ring of evasion]

   It affects your evasion (+4).
   It affects your strength (+8).
   It makes you vulnerable to fire.
   It greatly protects you from negative energy.
 Q - a ring of the Octopus King (right hand) {Wiz AC+1 EV+1 Str+1 Int+1 Dex+1}
   (You found it on level 4 of the Spider Nest)

   [ring of wizardry]

   It improves your spell success rate.
   It affects your AC (+1).
   It affects your evasion (+1).
   It affects your strength (+1).
   It affects your intelligence (+1).
   It affects your dexterity (+1).
 R - an amulet of reflection (around neck)
Wands
 n - a wand of random effects (31)
 w - a wand of disintegration (11)
 y - a wand of digging (16)
 B - a wand of iceblast (31)
 N - a wand of paralysis (38)
 P - a wand of acid (18)
 S - a wand of flame (38)
 T - a wand of polymorph (7)
Scrolls
 d - 7 scrolls of fear
 k - a scroll of torment
 o - 4 scrolls of immolation
 x - 2 scrolls of holy word
 D - a scroll of vulnerability
 F - 18 scrolls of teleportation
 I - 4 scrolls of fog
 K - 5 scrolls of blinking
 O - 2 scrolls of summoning
 X - 8 scrolls of magic mapping
 Y - a scroll of silence
Potions
 e - 9 potions of might
 i - 8 potions of haste
 l - 22 potions of curing
 m - 4 potions of cancellation
 p - 2 potions of resistance
 q - 9 potions of lignification
 z - 5 potions of heal wounds
 C - 15 potions of ambrosia
 G - 11 potions of mutation
 J - 4 potions of invisibility
 U - 5 potions of attraction
Miscellaneous
 f - a condenser vane (inert)
 g - a box of beasts
 v - a tin of tremorstones (1/2)
 E - a phial of floods
 L - a phantom mirror


   Skills:
 + Level 25.6 Fighting
   Level 0.6 Long Blades
 - Level 19.9(20.0) Axes
   Level 0.1(13.5) Polearms
 - Level 6.0 Throwing
 + Level 18.2 Armour
 + Level 4.3 Dodging
 - Level 1.6 Stealth
 - Level 25.0 Shields
 + Level 1.3 Evocations


You had 21 spell levels left.
You didn't know any spells.
Your spell library contained the following spells:

 Spells                   Type           Power        Failure   Level
 Animate Skeleton         Necr           #.....       69%         1
 Apportation              Tloc           #.....       69%         1
 Corona                   Hex            #......      69%         1
 Foxfire                  Conj/Fire      #...         69%         1
 Freeze                   Ice            #...         69%         1
 Shock                    Conj/Air       #...         69%         1
 Summon Small Mammal      Summ           #...         69%         1
 Corpse Rot               Necr/Air       N/A          82%         2
 Ensorcelled Hibernation  Hex/Ice        #.....       82%         2
 Slow                     Hex            #.......     82%         2
 Sublimation of Blood     Necr           #.........   82%         2
 Swiftness                Air            #.......     82%         2
 Call Canine Familiar     Summ           #.......     95%         3
 Confusing Touch          Hex            #.......     95%         3
 Dazzling Flash           Conj/Hex       #.....       95%         3
 Frozen Ramparts          Ice            #.....       95%         3
 Gell's Gravitas          Tloc           #.........   95%         3
 Inner Flame              Hex/Fire       #.......     95%         3
 Mephitic Cloud           Conj/Pois/Air  #.......     95%         3
 Ozocubu's Armour         Ice            #.......     95%         3
 Portal Projectile        Hex/Tloc       #.....       95%         3
 Static Discharge         Conj/Air       #.......     95%         3
 Stone Arrow              Conj/Erth      #.....       95%         3
 Tukima's Dance           Hex            #.......     95%         3
 Airstrike                Air            #.........   100%        4
 Cause Fear               Hex            #.........   100%        4
 Hailstorm                Conj/Ice       #.......     100%        4
 Ice Form                 Ice/Tmut       #.......     100%        4
 Leda's Liquefaction      Hex/Erth       #.........   100%        4
 Petrify                  Tmut/Erth      #.......     100%        4
 Summon Ice Beast         Ice/Summ       #.......     100%        4
 Summon Lightning Spire   Summ/Air       #.......     100%        4
 Alistair's Intoxication  Tmut/Pois      #........    100%        5
 Bolt of Magma            Conj/Fire/Erth #.........   100%        5
 Borgnjor's Vile Clutch   Necr/Erth      #.........   100%        5
 Excruciating Wounds      Necr           #.........   100%        5
 Fireball                 Conj/Fire      #.........   100%        5
 Iskenderun's Battlesphe  Conj           #.......     100%        5
 Lightning Bolt           Conj/Air       #.........   100%        5
 Metabolic Englaciation   Hex/Ice        #.........   100%        5
 Silence                  Hex/Air        #.........   100%        5
 Summon Forest            Summ/Tloc      #.........   100%        5
 Yara's Violent Unravell  Hex/Tmut       #.........   100%        5
 Conjure Ball Lightning   Conj/Air       #.........   100%        6
 Eringya's Noxious Bog    Tmut/Pois      #.........   100%        6
 Freezing Cloud           Conj/Ice/Air   #.........   100%        6
 Hydra Form               Tmut           #.........   100%        6
 Iron Shot                Conj/Erth      #.........   100%        6
 Shadow Creatures         Summ           N/A          100%        6
 Starburst                Conj/Fire      #.........   100%        6
 Orb of Destruction       Conj           #.........   100%        7
 Spellforged Servitor     Conj/Summ      #.........   100%        7
 Summon Hydra             Summ           #.........   100%        7
 Discord                  Hex            #.........   100%        8
 Dragon's Call            Summ           #.........   100%        9
 Tornado                  Air            #.........   100%        9


Dungeon Overview and Level Annotations

Branches:
Dungeon (15/15)            Temple (1/1) D:7            Lair (6/6) D:10
  Swamp (4/4) Lair:4       Spider (4/4) Lair:3        Slime (0/5) Lair:5
    Orc (2/2) D:12            Elf (0/3) Orc:2        Vaults (5/5) D:14
  Crypt (0/3) Vaults:3     Depths (0/5) D:15          IceCv (visited)
Desolation (visited)

Altars:
Ashenzari
Cheibriados
Dithmenos
Elyvilon
Fedhas
Gozag
Hepliaklqana
Kikubaaqudgha
Makhleb
Nemelex Xobeh
Okawaru
Qazlal
Ru
Sif Muna
Trog
Uskayaw
Vehumet
Wu Jian
Xom
Yredelemnul
Zin
The Shining One
Beogh
Jiyva

Shops:
D:6 [   D:7 [(=[   Orc:2 :(?![:=

Portals:
Abyss: Swamp:2

Annotations:
Vaults:4 creatures behind stone glass


Innate Abilities, Weirdness & Mutations

You reflexively headbutt those who attack you in melee.
You have a pair of horns on your head.
You are clumsy. (Dex -2)


Message History

The hell rat disappears in a puff of smoke!
The rust devil disappears in a puff of smoke!
The deep elf high priest is struck by lightning.
The deep elf high priest calls down the wrath of its god upon you.
Something smites you!
* * * LOW HITPOINT WARNING * * *
The tengu reaver casts a spell at you. The blast of poison engulfs you.
You are poisoned.
You resist.
* * * LOW HITPOINT WARNING * * *
Lightning arcs down from a storm cloud! x5
You feel sick.
The vault sentinel reads a scroll.
Wisps of shadow swirl around the vault sentinel.
You block the stone giant's attack.
The vault sentinel blows a loud note on a signal horn!
The azure jelly is struck by lightning.
The titan points at you and mumbles some strange words.
The bolt of lightning hits you!!!
You die...

.....#....#.#.#.
§§§§#§§§§#..#.
§§§§#§§§§#§#§#
§§e§§§§§§§§.
#####§§§§§§§§#####
...§§§§§§§§§§.§...
...§§§*§p§§p§.....
...(..§§§Q§§§.....
.......C§@§§§.....
#####§§J§§C§§#####
.p§§§§§§§.(..$..
##§§§#§...#.....
.§§§.#.§§§#..###
##§§#.#.§§§#..#
.#.#.#.§§§#..# #
#....# #....#


You could see a titan (empowered), a stone giant, a tengu reaver (empowered), an
azure jelly shaped shifter, a vault guard, 2 vault sentinels, a deep elf high
priest (brilliance aura) and a battlesphere.

Vanquished Creatures
  Mara (Vaults:4)
  Mennas (Vaults:2)
  Nikola (Swamp:4)
  2 bone dragons
  2 tentacled monstrosities (Vaults:5)
  A lich (Vaults:1)
  Jorgrun (D:12)
  Asterion (Vaults:1)
  A titan (Vaults:4)
  A quicksilver dragon (Vaults:4)
  A tentacled starspawn (Abyss:2)
  3 shadow dragons (Vaults:4)
  Kirke (D:12)
  A thorn hunter (Swamp:4)
  3 storm dragons (Vaults:5)
  5 tengu reavers
  2 fenstrider witches
  A deep elf sorcerer (Abyss:4)
  A fire giant (Vaults:4)
  2 ghost moths (Spider:4)
  2 frost giants (Vaults:5)
  A deep elf elementalist (Vaults:4)
  2 orc warlords (D:13)
  12 vault wardens
  An imperial myrmidon (Desolation)
  3 emperor scorpions (Spider:3)
  Aizul (Vaults:2)
  13 ironheart preservers
  8 stone giants
  7 very ugly things
  4 entropy weavers
  A war gargoyle (Vaults:5)
  Nessos (D:15)
  3 deep elf demonologists
  4 deep elf annihilators
  3 halazid warlocks (Desolation)
  3 spark wasps
  4 bunyips
  Azrael (D:14)
  A dire elephant (Abyss:4)
  5 ettins
  7 eleionomae
  Snorg (D:10)
  A fire dragon (Vaults:1)
  Josephine (Orc:2)
  2 deep elf death magi
  A crystal guardian (Desolation)
  7 ragged hierophants (Desolation)
  A deep elf high priest (Vaults:4)
  10 yaktaur captains
  5 great orbs of eyes
  2 shambling mangroves
  7 ogre magi
  2 ice dragons
  30 vault guards
  34 hydras
  10 servants of whispers (Desolation)
  2 rakshasas
  4 ghost crabs
  6 boulder beetles
  9 peacekeepers (Desolation)
  A naga warrior (Abyss:4)
  2 dancing weapons (D:14)
  A death knight (D:11)
  3 death yaks
  9 centaur warriors
  22 two-headed ogres
  9 alligators
  5 tengu warriors
  2 deep troll earth magi
  A queen ant (Spider:3)
  2 deep troll shamans
  A satyr (Abyss:4)
  4 orc high priests
  A soul eater (Abyss:2)
  9 thrashing horrors
  5 goliath frogs
  2 deep elf knights
  2 shadow wraiths
  A spriggan druid (Lair:4)
  17 deep trolls
  A wretched star (Abyss:2)
  7 swamp dragons
  A sea snake (shapeshifter) (Vaults:2)
  An unseen horror (D:14)
  4 deep elf archers
  3 glowing orange brains
  A deep troll (shapeshifter) (Vaults:5)
  A lindwurm (Lair:6)
  Pikel (D:5)
  A harpy (shapeshifter) (Vaults:4)
  42 starcursed masses
  3 phantasmal warriors
  2 wolf spider zombies
  18 ironbrand convokers
  3 harpies (Vaults:3)
  16 orc knights
  12 deep elf magi
  5 orc sorcerers
  A shining eye (Abyss:2)
  23 orb spiders
  3 necromancers
  8 cyclopes
  22 ugly things
  6 wizards
  An oklob plant (Lair:4)
  32 wolf spiders
  4 moths of wrath
  6 will-o-the-wisps
  An elephant (shapeshifter) (Vaults:2)
  5 elephants
  A manticore (D:15)
  3 worldbinders
  2 black mambas (Lair:6)
  2 water nymphs (Abyss:4)
  An apocalypse crab (Swamp:2)
  2 naga magi (D:15)
  A fire giant skeleton (Abyss:4)
  4 guardian serpents (Desolation)
  Psyche (D:8)
  2 ice statues (IceCv)
  4 centaur zombies
  3 smoke demons (Abyss:2)
  A torpor snail (Spider:3)
  5 vault sentinels
  A gargoyle (D:14)
  14 cane toads
  An orange demon (Abyss:2)
  An efreet (D:13)
  Maggie (D:7)
  36 yaktaurs
  5 kobold demonologists
  13 komodo dragons
  2 rime drakes
  3 freezing wraiths
  4 demonic crawlers
  A queen bee (Lair:2)
  2 tengu conjurers
  6 ice devils (IceCv)
  A yaktaur (shapeshifter) (Vaults:3)
  A troll (shapeshifter) (Vaults:4)
  6 trolls
  A polar bear (shapeshifter) (Vaults:3)
  A merfolk (shapeshifter) (Vaults:4)
  A bloated husk (Swamp:4)
  29 hornets
  7 polar bears
  38 jumping spiders
  9 raiju
  Prince Ribbit (D:5)
  4 tyrant leeches
  64 saltlings (Desolation)
  34 blink frogs
  A raiju (shapeshifter) (Vaults:1)
  9 slime creatures
  A dream sheep (shapeshifter) (Abyss:2)
  A fire giant simulacrum (Abyss:2)
  A stone giant simulacrum (Vaults:2)
  2 dream sheep (Lair:6)
  An air elemental (Abyss:2)
  21 spriggans
  58 redbacks
  8 large abominations
  2 vampires
  A water elemental (Abyss:4)
  Sigmund (D:5)
  2 ynoxinuls (Abyss:2)
  A meliai zombie (D:15)
  A shadow (D:12)
  48 yaks
  37 tarantellas
  A wyvern (Lair:2)
  3 fire elementals (D:14)
  4 hogs (D:12)
  7 wraiths
  4 basilisks
  2 chaos spawn (Abyss:2)
  A harpy simulacrum (D:15)
  4 vampire mosquitoes (Swamp:3)
  4 wargs
  4 soldier ants (Spider:3)
  18 swamp worms
  16 water moccasins
  2 acid dragons
  2 hell hounds (D:14)
  Duvessa (D:7)
  33 orc warriors
  7 swamp drakes
  12 ice beasts
  4 eyes of draining
  5 sky beasts
  A black bear (shapeshifter) (Vaults:3)
  9 black bears
  4 phantoms
  7 boggarts
  36 wolves
  31 ogres
  A lemure (D:5)
  7 centaurs
  8 big kobolds
  13 bullfrogs
  3 gnoll sergeants (D:12)
  Dowan (D:7)
  A wyvern skeleton (D:14)
  A water moccasin zombie (D:8)
  4 scorpions
  A human simulacrum (Vaults:3)
  24 killer bees
  13 wights
  3 electric eels
  12 howler monkeys
  2 bullfrog zombies
  2 draconian simulacra (IceCv)
  3 quasits
  26 orc priests
  An iron imp (Abyss:2)
  5 hounds
  5 jellies
  3 bullfrog skeletons
  10 centaur skeletons
  11 iguanas
  39 orc wizards
  8 hell rats (Lair:3)
  34 worker ants
  4 troll simulacra (IceCv)
  6 small abominations
  2 centaur simulacra (IceCv)
  A tengu skeleton (Abyss:4)
  A hound skeleton (D:4)
  10 gnolls
  15 river rats (Lair:3)
  11 adders
  2 ogre simulacra (IceCv)
  5 shadow imps
  6 white imps
  5 ufetubi
  2 oozes (D:3)
  An adder skeleton (D:5)
  5 worms
  A dart slug (D:2)
  5 leopard geckos
  117 orcs
  8 giant cockroaches
  7 goblins
  5 hobgoblins
  14 jackals
  11 quokkas
  5 ball pythons
  8 bats
  4 frilled lizards
  2 jackal skeletons
  27 kobolds
  A quokka skeleton (D:4)
  A quokka zombie (D:9)
  11 rats
  A briar patch (Swamp:4)
  A crawling corpse (Vaults:1)
  4 starspawn tentacles
1874 creatures vanquished.

Vanquished Creatures (collateral kills)
  Bai Suzhen (Spider:3)
  the Lernaean hydra (Swamp:4)
  A tentacled starspawn (Abyss:4)
  The ghost of popps the Tortoise, an adept MiBe of Trog (Swamp:2)
  An emperor scorpion (Spider:4)
  A ghost moth (Spider:4)
  An angel (Abyss:4)
  3 entropy weavers
  A boulder beetle (Lair:6)
  The ghost of felt the Carver, a journeyman BaFi of Okawaru (D:11)
  A hydra (Swamp:4)
  A rakshasa (Abyss:4)
  4 orb spiders (Spider:4)
  An ugly thing (Vaults:5)
  2 wolf spiders (Spider:3)
  A worldbinder (Abyss:4)
  An orc sorcerer (Orc:2)
  A guardian serpent (Abyss:4)
  A naga mage (Abyss:4)
  2 large abominations (Abyss:4)
  A hellion (Abyss:4)
  A yaktaur (Vaults:5)
  A demonic crawler (Spider:3)
  A freezing wraith (Abyss:4)
  A troll (D:12)
  9 jumping spiders
  A polar bear (Lair:6)
  A hornet (Lair:6)
  4 tarantellas (Spider:4)
  4 spriggans (Lair:6)
  10 redbacks
  3 yaks (Lair:6)
  4 orc warriors
  A swamp drake (Swamp:4)
  3 wolves (Lair:6)
  2 big kobolds (D:12)
  2 gnoll sergeants (D:12)
  A small abomination (Abyss:4)
  8 starcursed masses
  A gnoll (D:12)
86 creatures vanquished.

Vanquished Creatures (others)
  A goliath frog (Swamp:2)
  An unseen horror (D:13)
  A wolf spider (Spider:4)
  3 bloated husks
  A tyrant leech (Swamp:4)
  A spriggan (Swamp:2)
  A shadow (D:14)
  A redback (Spider:4)
  An orc wizard (D:6)
  An adder (D:6)
  An orc (D:6)
  A briar patch (Swamp:4)
  16 foxfires
  25 fungi
  41 plants
  2 starspawn tentacles (Abyss:4)
98 creatures vanquished.

Grand Total: 2058 creatures vanquished

Notes
Turn   | Place    | Note
-------+----------+-------------------------------------------
     0 | D:1      | snetch the Minotaur Berserker began the quest for the Orb.
     0 | D:1      | Reached XP level 1. HP: 19/19 MP: 0/0
    65 | D:2      | Reached XP level 2. HP: 6/27 MP: 1/1
   746 | D:2      | Reached XP level 3. HP: 33/33 MP: 2/2
   752 | D:2      | Reached ** piety under Trog
  1137 | D:2      | Reached XP level 4. HP: 18/40 MP: 3/3
  1420 | D:2      | Reached skill level 5 in Fighting
  1494 | D:3      | Noticed an ogre
  1500 | D:3      | Killed an ogre
  1500 | D:3      | Reached skill level 5 in Axes
  1500 | D:3      | Reached XP level 5. HP: 26/48 MP: 4/4
  1866 | D:2      | You fall into a shaft and drop 1 floor!
  2463 | D:3      | Reached XP level 6. HP: 56/56 MP: 5/5
  2655 | D:3      | Found a shimmering altar of Xom.
  2670 | D:3      | Reached *** piety under Trog
  3223 | D:5      | Entered Level 5 of the Dungeon
  3319 | D:5      | Noticed Sigmund
  3337 | D:5      | Killed Sigmund
  3337 | D:5      | Reached XP level 7. HP: 40/62 MP: 6/6
  3568 | D:5      | Got a dazzling cloak
  3573 | D:5      | Identified the +4 cloak "Qule Sybifasm" {Regen+ SInv} (You
                  | found it on level 5 of the Dungeon)
  3800 | D:4      | Reached skill level 5 in Armour
  4228 | D:5      | Reached XP level 8. HP: 54/71 MP: 7/7
  4276 | D:5      | Noticed Pikel
  4306 | D:5      | Killed Pikel
  4306 | D:5      | Reached skill level 1 in Shields
  4423 | D:6      | Reached **** piety under Trog
  4570 | D:5      | Reached skill level 10 in Axes
  4800 | D:5      | Noticed Prince Ribbit
  5048 | D:5      | Killed Prince Ribbit
  5048 | D:5      | Reached XP level 9. HP: 76/79 MP: 8/8
  5382 | D:6      | Found Yhiax's Antique Armour Shop.
  6021 | D:7      | Found Isuemen's Antique Armour Shoppe.
  6190 | D:7      | Noticed Maggie
  6203 | D:7      | Reached ***** piety under Trog
  6208 | D:7      | Killed Maggie
  6220 | D:8      | Found a bloodstained altar of Trog.
  6228 | D:8      | Reached skill level 5 in Shields
  6356 | D:7      | Found a staircase to the Ecumenical Temple.
  6376 | Temple   | Entered the Ecumenical Temple
  6605 | D:7      | Found Woyqal's Jewellery Shoppe.
  6645 | D:8      | Reached XP level 10. HP: 90/90 MP: 9/9
  6764 | D:7      | Found Soih's Armour Shoppe.
  6927 | D:7      | Found Yfuoz's Weapon Emporium.
  7000 | D:7      | Noticed Dowan
  7002 | D:7      | Noticed Duvessa
  7020 | D:7      | Killed Duvessa
  7022 | D:7      | Killed Dowan
  7022 | D:7      | Received a gift from Trog
  7563 | D:8      | Noticed Psyche
  7573 | D:8      | Killed Psyche
  7750 | D:8      | Got an ebony war axe
  7751 | D:8      | Identified the cursed +1 war axe of Neumocke {elec, Fragile
                  | rC+ MP+9 Stlth+} (You found it on level 8 of the Dungeon)
  7919 | D:10     | Entered Level 10 of the Dungeon
  8807 | D:10     | Noticed Snorg
  8819 | D:10     | Reached XP level 11. HP: 97/99 MP: 10/10
  8835 | D:10     | Killed Snorg
  8835 | D:10     | Reached skill level 10 in Fighting
  9339 | D:10     | Found a staircase to the Lair.
  9511 | D:11     | Noticed a boulder beetle
  9531 | D:11     | Killed a boulder beetle
  9531 | D:11     | Received a gift from Trog
  9536 | D:11     | Got a smoking broad axe {god gift}
  9566 | D:11     | Identified the +3 broad axe "Anug" {vorpal, *Noise rElec
                  | Int+2} (Trog gifted it to you on level 11 of the Dungeon)
  9636 | D:11     | Noticed a boulder beetle
  9690 | D:11     | Killed a boulder beetle
  9823 | D:11     | Noticed a two-headed ogre
  9834 | D:11     | Killed a two-headed ogre
  9834 | D:11     | Reached skill level 15 in Axes
  9898 | D:11     | Noticed felt's ghost (journeyman BaFi)
  9899 | D:11     | Identified the +2 spear of Gelurgh {antimagic, Str+4 Dex+4}
  9900 | D:11     | Noticed a two-headed ogre
  9903 | D:11     | Found a bloodstained altar of Trog.
  9917 | D:11     | Found a transporter.
  9933 | D:11     | Found a transporter.
  9956 | D:12     | Noticed a deep elf mage
  9965 | D:12     | Noticed Jorgrun
 10065 | D:12     | Noticed a death knight
 10082 | D:12     | Noticed a phantasmal warrior
 10092 | D:11     | Killed a death knight
 10092 | D:11     | Reached XP level 12. HP: 98/108 MP: 11/11
 10122 | D:12     | Reached skill level 10 in Shields
 10123 | D:12     | Killed Jorgrun
 10350 | D:11     | Found a stormy altar of Qazlal.
 10883 | D:13     | Noticed a tengu warrior
 10883 | D:13     | Noticed a tengu warrior
 10890 | D:13     | Killed a tengu warrior
 10903 | D:13     | Killed a tengu warrior
 10920 | D:13     | Noticed a two-headed ogre
 10923 | D:13     | Noticed a centaur warrior
 10925 | D:13     | Killed a two-headed ogre
 10928 | D:13     | Reached skill level 10 in Armour
 10931 | D:13     | Noticed Kirke
 10940 | D:12     | Killed a centaur warrior
 10945 | D:12     | Reached ****** piety under Trog
 11054 | D:12     | Killed Kirke
 11061 | D:12     | Noticed a two-headed ogre
 11068 | D:12     | Killed a two-headed ogre
 11122 | D:13     | Reached XP level 13. HP: 111/117 MP: 0/12
 11216 | D:13     | Found a snail-covered altar of Cheibriados.
 11315 | D:12     | Found a staircase to the Orcish Mines.
 11355 | D:12     | Reached skill level 1 in Throwing
 11361 | D:12     | Received a gift from Trog
 11378 | D:12     | Got a shimmering mace {god gift}
 11488 | D:12     | Identified the +2 mace "Jiaptarph" {flame, *Drain rPois
                  | Int+6} (Trog gifted it to you on level 12 of the Dungeon)
 11603 | D:13     | Found a transporter.
 12214 | D:13     | Found a transporter.
 12216 | D:13     | Noticed an orc warlord
 12216 | D:13     | Noticed an orc warlord
 12217 | D:13     | Found a roughly hewn altar of Beogh.
 12281 | D:14     | Found a gate to the Vaults.
 12281 | D:14     | Noticed Azrael
 12293 | D:14     | Killed Azrael
 12293 | D:14     | Received a gift from Trog
 13163 | D:15     | Entered Level 15 of the Dungeon
 13173 | D:15     | Noticed Nessos
 13183 | D:15     | Killed Nessos
 13231 | D:15     | Found a flickering gateway to a bazaar.
 13288 | Bazaar   | Entered a bazaar
 13288 | Bazaar   | Found Bihinuul's Antique Weapon Boutique.
 13288 | Bazaar   | Found Echuo's Assorted Antiques.
 13288 | Bazaar   | Found Laoshuosk's Magic Scroll Shop.
 13296 | Bazaar   | Found Tosmayl's Weapon Emporium.
 13384 | Bazaar   | Bought a bubbling inky potion for 25 gold pieces
 13417 | Bazaar   | Bought a scroll of teleportation for 45 gold pieces
 13417 | Bazaar   | Bought a scroll of blinking for 112 gold pieces
 13417 | Bazaar   | Bought a scroll of acquirement for 780 gold pieces
 13528 | D:15     | Found a frozen archway.
 13559 | IceCv    | Entered an ice cave
 13572 | IceCv    | Reached XP level 14. HP: 127/127 MP: 13/13
 13746 | IceCv    | Got an ichor-stained chain mail
 14047 | D:15     | Found a staircase to the Depths.
 14246 | D:15     | Identified the +5 chain mail of Teikargh {rF+ rCorr Str-2
                  | Dex+4} (You found it in an ice cave)
 15068 | Lair:1   | Entered Level 1 of the Lair of Beasts
 15096 | Lair:1   | Received a gift from Trog
 15226 | Lair:1   | Got a bloodstained war axe
 16109 | Lair:1   | Identified the +4 war axe "Itav Kyedd" {vamp, rElec rF+
                  | Str-4 Dex+5} (You found it on level 1 of the Lair of
                  | Beasts)
 16137 | Lair:1   | Acquired a +0 pair of gloves of strength
 16652 | Lair:2   | Found a transporter.
 16652 | Lair:2   | Found a transporter.
 17320 | Lair:3   | Found a hole to the Spider Nest.
 17720 | Lair:3   | Received a gift from Trog
 18554 | Lair:4   | Reached XP level 15. HP: 128/137 MP: 14/14
 18591 | Lair:4   | Found a staircase to the Swamp.
 19428 | Lair:6   | Entered Level 6 of the Lair of Beasts
 19454 | Lair:5   | Reached skill level 15 in Shields
 19672 | Lair:5   | Got a slimy leather armour
 19773 | Lair:5   | Received a gift from Trog
 19922 | Lair:5   | Identified the +3 leather armour of Erolax {+Blink rN+
                  | Str-4} (You found it on level 5 of the Lair of Beasts)
 20019 | Lair:5   | Found a viscous altar of Jiyva.
 20019 | Lair:5   | Found a staircase to the Slime Pits.
 20425 | Lair:6   | Received a gift from Trog
 20575 | Lair:6   | Got a fine fustibalus
 20579 | Lair:6   | Identified the cursed +3 fustibalus of the Endless Deaths
                  | {freeze, Dex+3 SInv} (You found it on level 6 of the Lair
                  | of Beasts)
 20654 | Lair:5   | Reached skill level 15 in Fighting
 21377 | Orc:1    | Entered Level 1 of the Orcish Mines
 21741 | Orc:2    | Entered Level 2 of the Orcish Mines
 21798 | Orc:2    | Found Xeamicsa's Antique Weapon Shoppe.
 21844 | Orc:2    | Received a gift from Trog
 21883 | Orc:2    | Noticed Josephine
 21895 | Orc:2    | Killed Josephine
 22111 | Orc:2    | Got an iridescent broad axe {god gift}
 22112 | Orc:2    | Identified the +2 broad axe "Tisuo" {flame, rF+ MR+ Str+4
                  | Dex-4} (Trog gifted it to you on level 2 of the Orcish
                  | Mines)
 22157 | Orc:2    | Found a staircase to the Elven Halls.
 22244 | Orc:2    | Found Qugior's Jewellery Emporium.
 22316 | Orc:2    | Found Kexkoi Wuwo's Book Emporium.
 22473 | Orc:2    | Found Siseud's Magic Scroll Boutique.
 22473 | Orc:2    | Found Xanireaj's Book Emporium.
 22475 | Orc:2    | Found Esutziesch's Armour Emporium.
 22475 | Orc:2    | Found Isesetwu's Distillery.
 22484 | Orc:2    | Bought a potion of curing for 45 gold pieces
 22484 | Orc:2    | Bought 2 potions of heal wounds for 150 gold pieces
 22484 | Orc:2    | Bought 2 potions of curing for 90 gold pieces
 22486 | Orc:2    | Bought a scroll of identify for 30 gold pieces
 22611 | Orc:2    | Bought a potion of haste for 150 gold pieces
 22811 | Swamp:1  | Entered Level 1 of the Swamp
 22811 | Swamp:1  | Noticed a fenstrider witch
 22814 | Swamp:1  | Killed a fenstrider witch
 22814 | Swamp:1  | Reached XP level 16. HP: 149/149 MP: 15/15
 22837 | Lair:4   | Received a gift from Trog
 22978 | Lair:4   | Upgraded the game from 0.26-a0-778-g3fe0686644 to
                  | 0.26-a0-800-g517d6fe721
 23851 | Swamp:2  | Found a transporter.
 23851 | Swamp:2  | Found a transporter.
 24059 | Swamp:2  | Noticed popps's ghost (adept MiBe)
 24154 | Swamp:2  | Identified the +3 spear of Abusho {distort, SInv}
 24671 | Swamp:3  | Received a gift from Trog
 24809 | Swamp:4  | Entered Level 4 of the Swamp
 25514 | Swamp:4  | Noticed Nikola
 25714 | Swamp:4  | Killed Nikola
 25720 | Swamp:4  | Noticed a thorn hunter
 25733 | Swamp:4  | Killed a thorn hunter
 25843 | Swamp:4  | Reached XP level 17. HP: 144/160 MP: 16/16
 26623 | Swamp:4  | Noticed the 27-headed Lernaean hydra
 26632 | Swamp:4  | Killed the 25-headed Lernaean hydra
 26722 | Swamp:4  | Got a decaying rune of Zot
 27165 | D:11     | Killed felt's ghost
 27295 | D:13     | Received a gift from Trog
 27379 | D:13     | Got a heavily runed cloak
 27384 | D:13     | Identified the cursed +0 cloak of Hirilogi {Str+4} (You
                  | found it on level 13 of the Dungeon)
 27958 | Swamp:2  | Found a one-way gate to the infinite horrors of the Abyss.
 27985 | Swamp:2  | Cast into level 2 of the Abyss (spriggan rider)
 28447 | Abyss:2  | Gained mutation: You are clumsy. (Dex -2) [a shining eye]
 28473 | Abyss:2  | Received a gift from Trog
 28491 | Swamp:2  | Escaped the Abyss
 28519 | Swamp:2  | Paralysed by accursed screaming for 1 turns
 28525 | Swamp:2  | Paralysed by accursed screaming for 1 turns
 28534 | Swamp:2  | Killed popps's ghost
 28569 | Swamp:2  | Got a warped war axe
 28570 | Swamp:2  | Identified the cursed +1 war axe "Oton" {pain, +Blink} (You
                  | found it on level 2 of the Swamp)
 28678 | Swamp:2  | Cast into level 4 of the Abyss (unwielding a weapon of
                  | distortion)
 28774 | Abyss:4  | Paralysed by accursed screaming for 1 turns
 28779 | Abyss:4  | Reached XP level 18. HP: 118/172 MP: 17/17
 28786 | Abyss:4  | Paralysed by accursed screaming for 1 turns
 28840 | Abyss:4  | Paralysed by accursed screaming for 1 turns
 28856 | Abyss:4  | Received a gift from Trog
 28868 | Abyss:4  | Noticed a bone dragon
 28882 | Swamp:2  | Escaped the Abyss
 28891 | Swamp:2  | Killed a bone dragon
 29123 | Spider:1 | Entered Level 1 of the Spider Nest
 30157 | Spider:2 | Reached skill level 1 in Evocations
 30213 | Spider:2 | Reached skill level 1 in Stealth
 30369 | Spider:2 | Received a gift from Trog
 30488 | Spider:2 | You fall into a shaft and drop 1 floor!
 30489 | Spider:3 | Reached skill level 15 in Armour
 31712 | Spider:3 | Noticed Bai Suzhen
 31720 | Spider:3 | Killed Bai Suzhen
 31870 | Spider:4 | Entered Level 4 of the Spider Nest
 31969 | Spider:3 | Identified the cursed +0 leather armour of the Catamount
                  | {+Inv rN+ MP+9 Int-2}
 32396 | Spider:4 | Received a gift from Trog
 32406 | Spider:4 | Reached XP level 19. HP: 140/183 MP: 0/18
 32563 | Spider:4 | Got a gossamer rune of Zot
 32708 | Spider:4 | Reached skill level 5 in Throwing
 32867 | Spider:4 | Found the ring of the Octopus King
 32902 | Spider:4 | Got a ring of the Octopus King
 32904 | Spider:4 | Identified a ring of the Octopus King {Wiz AC+1 EV+1 Str+1
                  | Int+1 Dex+1} (You found it on level 4 of the Spider Nest)
 33025 | Spider:4 | Received a gift from Trog
 33610 | Vaults:1 | Entered Level 1 of the Vaults
 33703 | Vaults:1 | Noticed Asterion
 33725 | Vaults:1 | Killed Asterion
 33949 | Vaults:1 | Noticed a lich
 33953 | Vaults:1 | Killed a lich
 35132 | Vaults:2 | Received a gift from Trog
 35158 | Vaults:2 | Got a transparent war axe {god gift}
 35159 | Vaults:2 | Identified the +1 war axe of the Puffin {vorpal, Str+3}
                  | (Trog gifted it to you on level 2 of the Vaults)
 35176 | Vaults:2 | Noticed Mennas
 35203 | Vaults:2 | Killed Mennas
 35330 | Vaults:2 | Noticed Aizul
 35342 | Vaults:2 | Killed Aizul
 35342 | Vaults:2 | Reached XP level 20. HP: 174/195 MP: 19/19
 36139 | Vaults:3 | Received a gift from Trog
 36398 | Vaults:4 | Found a ruined gateway.
 36408 | Desolati | Entered the Desolation of Salt
 36831 | Desolati | Identified the +10 battleaxe of Oenomania {flame, rF++ rC-
                  | Dex+4 Stlth+}
 36923 | Desolati | Identified the Grimoire of the Snowflakes
 36926 | Desolati | Identified the Compendium of Evil Companions
 37043 | Desolati | Received a gift from Trog
 37222 | Desolati | Identified Qateebong's Compendium of Excruciating Evil
 37225 | Desolati | Identified the Almanac of Intoxication and Combat Magic
 37236 | Desolati | Got a slimy glass ring
 37237 | Desolati | Identified the ring of Autumn {rF- rN++ EV+4 Str+8} (You
                  | found it in the Desolation of Salt)
 37307 | Desolati | Found the +10 zealot's sword {holy, *Rage rN+ EV+3}
 37311 | Desolati | Identified the Reference Book on Nocuous Summoning
 37588 | Desolati | Got a slimy hunting sling
 37589 | Desolati | Identified the cursed +2 hunting sling of Gozag's
                  | Inspiration {freeze, MR+} (You found it in the Desolation
                  | of Salt)
 38249 | Vaults:3 | Noticed a bone dragon
 38250 | Vaults:3 | Found a staircase to the Crypt.
 38259 | Vaults:3 | Killed a bone dragon
 38259 | Vaults:3 | Reached XP level 21. HP: 207/207 MP: 20/20
 38301 | Vaults:3 | Received a gift from Trog
 38462 | Vaults:3 | Found a gateway to a bazaar.
 38498 | Bazaar   | Entered a bazaar
 38498 | Bazaar   | Found Xofoq's Weapon Boutique.
 38498 | Bazaar   | Found Xosummuf's Weapon Boutique.
 38526 | Bazaar   | Found Qukhi's Antique Armour Shop.
 38575 | Bazaar   | Found Wehuninn's Gadget Boutique.
 39437 | Vaults:4 | Noticed Mara
 39446 | Vaults:4 | Noticed snetch's illusion
 39496 | Vaults:4 | Noticed snetch's illusion
 39500 | Vaults:4 | Killed Mara
 39671 | Vaults:4 | Received a gift from Trog
 39892 | Vaults:4 | Found the cursed necklace of Bloodlust {*Rage +Rage MR++
                  | Int-3 Slay+6 *Curse}
 39906 | Vaults:5 | Entered Level 5 of the Vaults
 40323 | Vaults:4 | Received a gift from Trog
 40367 | Vaults:5 | Reached XP level 22. HP: 214/224 MP: 21/21
 40658 | Vaults:4 | Received a gift from Trog
 40876 | Vaults:5 | Killed from afar by a titan

Illustrated notes

Levels and vault maps discovered:
D:1:      lightli_arrival_chessboard, layout_basic, minmay_worlds_worst_comb
D:2:      cheibrodos_pilgrimage, layout_loops_ring, solitary_fountain
D:3:      minmay_bubble_buster, layout_basic, tgw_xom
D:4:      layout_basic
D:5:      layout_loops_ring, uniq_sigmund, uniq_prince_ribbit1, uniq_pikel
D:6:      layout_loops_ring, serial_shops, nicolae_shop_stone,
          lemuel_flame_loot_1
D:7:      layout_loops_corners, minmay_temple_entry_crystal_x, serial_shops,
          shop_statue, shop, shop_statue, shop, uniq_maggie, uniq_duvessa
D:8:      layout_cave_pools, serial_column_ruins, column_ruins_hut,
          column_ruins_columns_straight, column_ruins_grid_1,
          column_ruins_open_tiny, column_ruins_open_tiny, column_ruins_grid_4,
          column_ruins_grid_1, trog_ov_bears_minmay, uniq_psyche
D:9:      layout_roguey, chequers_serial_rivers_marsh
D:10:     layout_small_grid, lair_entry_dummy, minmay_misc_feat_square,
          uniq_snorg
D:11:     layout_cave_pods, gammafunk_ghost_wrathful_warriors,
          grunt_qazlal_clouds
D:12:     layout_cave_pools, kennysheep_orc_monster_closet_entryway,
          uniq_jorgrun
D:13:     gammafunk_beogh_shrine, layout_basic, basic_altar, uniq_kirke
D:14:     layout_cave_pools, erik_vaults_1, hangedman_decor_points, uniq_azrael
D:15:     grunt_enter_depths_magical_seal, layout_basic, minmay_crystal_room,
          serial_shops, bzr_entry_customers, portal_ice_cave_entry_ice_beasts,
          grunt_decor_fettered, uniq_nessos
Temple:   nicolae_temple_the_god_donut
Lair:1:   beast_lair_carwin_large_3, layout_loops_ring,
          chequers_serial_rivers_micro_c, infiniplex_staircase_pool_2
Lair:2:   gammafunk_boulding_lane, layout_layer_cave, special_room
          [special_room_bee]
Lair:3:   lemuel_ratsnest, layout_misc_corridors,
          nicolae_spider_entry_non_spiders
Lair:4:   layout_cave_pods, minmay_swamp_entry_worms, minmay_lair_oklob_items,
          infiniplex_staircase_pool, serial_bayou_shore_a, grunt_megastairs_5
Lair:5:   layout_cave_shapes, slime_altar_1, beast_lair_carwin_3
Lair:6:   minmay_lair_end_enchanted_forest, layout_loops_ring,
          grunt_megastairs_4
Swamp:1:  layout_basic_swamp, evilmike_swamp_ruin_house_5
Swamp:2:  layout_falls_marsh, gammafunk_ghost_abyssal_escape, serial_swamp_ruin,
          evilmike_swamp_ruin_house_1, evilmike_swamp_ruin_rubble_1
Swamp:3:  layout_basic_swamp, hangedman_swamp_ruin_hall, swamp_pool2,
          nicolae_swamp_fairy_circle, nicolae_swamp_orc_logging_accident
Swamp:4:  swamp_old_school, layout_basic_swamp, swamp_pool2,
          nicolae_swamp_baby_hydras, uniq_nikola
Spider:1: layout_spider_delve, hangedman_spider_trapstep
Spider:2: layout_chambers, nicolae_spider_shape
Spider:3: layout_spider_delve, drop_trap, minmay_another_anthill,
          uniq_bai_suzhen
Spider:4: grunt_spider_rune_parallel
Orc:1:    layout_caves
Orc:2:    grunt_orc_tribal_feast, layout_diamond_mine, serial_shops,
          nicolae_shop_waterfront, shop, shop, uniq_josephine
Vaults:1: vaults_dpeg_spiral, v_misc_3, nicolae_vaults_circle_grid_a,
          nicolae_vaults_little_ls, nicolae_vaults_shelves_hall, st_more_cells,
          vaults_mumra_hex, v_alt_pattern_6, nicolae_vaults_little_squares_3,
          vaults_room_stairs_pillars, layout_vaults_quadrants, uniq_asterion
Vaults:2: ontoclasm_vaults_loading_screen, grunt_vaults_trifunnel, v_misc_28,
          ontoclasm_vaults_ligature, nicolae_vaults_yaktaur_gun_rack, v_misc_28,
          nicolae_vaults_shelves_hall, vaults_room_fours, layout_vaults_omnibox,
          uniq_margery, uniq_mennas, uniq_aizul
Vaults:3: v_rooms_5, v_alt_pattern_3, vaults_standard_mumra_enter_the_diamond,
          minmay_crypt_entry_nasty_monster, v_pattern_4,
          nicolae_vaults_little_squares_6, vaults_dpeg_hooks,
          grunt_vaults_funnel, hangedman_vaults_trim, v_alt_pattern_5,
          vaults_room_guarded_vault, layout_vaults_chaotic_city, serial_shops,
          bzr_entry_dummy
Vaults:4: nicolae_vaults_triangles, vaults_room_door_ring, ontoclasm_vaults_eye,
          grunt_vaults_focal, hangedman_vaults_stagger,
          nicolae_vaults_specimen_jars, hangedman_vaults_pinch, v_rooms_4,
          v_pattern_1, v_misc_14, nicolae_vaults_little_squares_5,
          layout_vaults_ring, portal_desolation_entry_ruin, uniq_mara
Vaults:5: serial_shops

Skill      XL: |  1  2  3  4  5  6  7  8  9 10 11 12 13 14 15 16 17 18 19 20 21 22 |
---------------+-------------------------------------------------------------------+-----
Axes           | 4 5 7 8 10 11 13 15 17 18 19 | 19.9
Fighting       | 4 5 6 7 8 9 10 11 12 13 15 16 18 19 20 22 24 25 | 25.6
Armour         | 3 4 5 6 7 8 9 10 11 12 13 14 15 16 17 18 | 18.2
Dodging        | 3 4 |  4.3
Shields        | 2 5 7 9 11 13 14 17 19 20 22 23 25 | 25.0
Throwing       | 2 3 4 6 |  6.0
Evocations     | 1 |  1.3
Stealth        | 1 |  1.6
Long Blades    | |  0.6
Polearms       | |  0.1

Action                   |  1- 3 |  4- 6 |  7- 9 | 10-12 | 13-15 | 16-18 | 19-21 | 22-24 || total
-------------------------+-------+-------+-------+-------+-------+-------+-------+-------++-------
Melee: Hand axe          |    64 |     9 |       |       |    33 |       |       |       ||   106
       Headbutt          |     6 |    11 |    57 |    96 |   313 |   306 |   361 |    16 ||  1166
       War axe           |       |   112 |   339 |   316 |     6 |       |       |       ||   773
       Battleaxe         |       |       |       |    20 |       |       |       |       ||    20
       Broad axe         |       |       |       |   180 |  1268 |  1203 |  1229 |    61 ||  3941
       Scimitar          |       |       |       |       |     6 |       |       |       ||     6
       Spear             |       |       |       |       |     6 |       |       |       ||     6
Throw: Dart              |       |       |       |    10 |    40 |    48 |    61 |       ||   159
Invok: Berserk           |     1 |     2 |       |     4 |     2 |     5 |     2 |     1 ||    17
       Trog's Hand       |       |     1 |       |       |     2 |     5 |     2 |     1 ||    11
       Brothers in Arms  |       |       |       |       |     3 |     8 |     3 |       ||    14
 Abil: Evoke Flight      |       |       |       |       |       |     6 |       |       ||     6
Evoke: Wand              |       |       |     1 |       |       |       |       |       ||     1
       Condenser vane    |       |       |       |       |     1 |     1 |       |     1 ||     3
       Tin of tremorston |       |       |       |       |       |       |       |     1 ||     1
  Use: Scroll            |       |       |       |    23 |    24 |     7 |     3 |       ||    57
       Potion            |       |       |       |       |       |     2 |       |       ||     2
 Stab: Distracted        |       |       |       |       |     1 |       |     1 |       ||     2
Armor: Animal skin       |     2 |       |       |       |       |       |       |       ||     2
       Ring mail         |    25 |     1 |       |       |     5 |       |       |       ||    31
       Scale mail        |       |    33 |       |       |       |       |       |       ||    33
       Chain mail        |       |    35 |    12 |       |       |       |       |       ||    47
       Gold dragon scale |       |       |   187 |   288 |   324 |   421 |   257 |    72 ||  1549
Dodge: Dodged            |    47 |    63 |    28 |    51 |    92 |   147 |   186 |    50 ||   664
Block: Tower shield      |       |       |   204 |   580 |  1282 |  1336 |  1302 |   163 ||  4867
       Reflection        |       |       |       |    10 |    47 |    26 |    84 |    14 ||   181

Table legend: (Time is in decaauts)
 A = Elapsed time spent in this place.
 B = Non-inter-level travel time spent in this place.
 C = Inter-level travel time spent in this place.
 D = Time resting spent in this place.
 E = Time spent auto-exploring this place.
 F = Levels seen in this place.
 G = Mean time per level.
                   A        B        C        D        E       F      G
               +--------+--------+--------+--------+--------+-----+--------+
         Total |  40512 |  36577 |   3935 |   1856 |  20017 |  43 |  942.1 |
       Dungeon |  15473 |  13999 |   1474 |    737 |   7477 |  15 | 1031.5 |
        Temple |    175 |    158 |     17 |      0 |     12 |   1 |  175.0 |
          Lair |   6680 |   5695 |    985 |     87 |   3457 |   6 | 1113.3 |
         Swamp |   4644 |   4195 |    449 |    335 |   2457 |   4 | 1161.0 |
   Spider Nest |   4241 |   3769 |    472 |    206 |   2118 |   4 | 1060.2 |
  Orcish Mines |   1255 |   1098 |    157 |    110 |    651 |   2 |  627.5 |
        Vaults |   5718 |   5338 |    380 |    239 |   3078 |   5 | 1143.6 |
         Abyss |    641 |    641 |      0 |      0 |    300 |   2 |  320.5 |
        Bazaar |    236 |    236 |      0 |      0 |    151 |   2 |  118.0 |
      Ice Cave |    321 |    321 |      0 |      2 |     94 |   1 |  321.0 |
    Desolation |   1122 |   1122 |      0 |    139 |    221 |   1 | 1122.0 |
               +--------+--------+--------+--------+--------+-----+--------+

Top non-repeatable levels by time:
Vaults:4: 1741 daAuts
  Lair:4: 1538 daAuts
Vaults:3: 1518 daAuts
    D:11: 1470 daAuts
Spider:2: 1453 daAuts
 Swamp:3: 1376 daAuts
 Swamp:2: 1338 daAuts
     D:2: 1335 daAuts
Vaults:1: 1327 daAuts
    D:15: 1312 daAuts
    D:13: 1273 daAuts
 Swamp:4: 1272 daAuts
  Lair:2: 1239 daAuts
  Lair:6: 1232 daAuts
     D:7: 1165 daAuts
